 Dungeon Crawl Stone Soup version 0.31-a0-626-g8143ab4f1d (webtiles) character file.

Game seed: 16238752863383354800

338 Newt the Covered (level 6, -3/40 HPs)
             Began as a Gargoyle Fighter on Aug 24, 2023.
             Splashed by a jelly's acid (4 damage)
             ... on level 5 of the Dungeon.
             The game lasted 00:02:49 (2681 turns).

Newt the Covered (Gargoyle Fighter)                 Turns: 2681, Time: 00:02:49

Health: -3/40      AC:  3    Str: 22    XL:     6   Next: 55%
Magic:  6/6        EV:  9    Int:  8    God:
Gold:   238        SH:  4    Dex:  9    Spells: 5/5 levels left

rFire   . . .        e - +3 short sword (drain)
rCold   . . .        c - +0 buckler
rNeg    + . .        b - +0 scale mail
rPois   ∞            (no helmet)
rElec   +            j - scarf {repulsion}
rCorr   .            (no gloves)
SInv    .            (no boots)
Will    .....        (no amulet) Stlth
                     (no ring)
HPRegen 0.26/turn    (no ring)
MPRegen 0.10/turn

%: repel missiles
@: corroded
A: sickness immunity, AC +4, negative energy resistance 1, electricity
resistance, torment resistance 1, petrification resistance
a: no special abilities


You were on level 5 of the Dungeon.
You visited 2 branches of the dungeon, and saw 6 of its levels.

You collected 238 gold pieces.

Inventory:

Hand Weapons
 a - a +1 flail of freezing
 e - a +3 short sword of draining (weapon)
Missiles
 m - 4 poisoned darts
Armour
 b - a +0 scale mail (worn)
 c - a +0 buckler (worn)
 j - a scarf of repulsion (worn)
Scrolls
 h - a scroll of brand weapon
 k - a scroll of vulnerability
 l - a scroll of enchant weapon
 n - 2 scrolls of teleportation
 o - a scroll of identify
Potions
 d - a potion of might
 f - 2 potions of haste
 g - a potion of attraction
 i - 4 potions of curing


   Skills:
 - Level 5.0 Fighting
 - Level 3.0 Short Blades
 - Level 2.0 Maces & Flails
 + Level 5.6 Armour
 - Level 3.2 Shields


You had 5 spell levels left.
You didn't know any spells.
Your spell library contained the following spells:

 Spells                   Type           Power      Damage    Failure   Level
 Freeze                   Ice            0%         1d3       78%         1
 Frozen Ramparts          Ice            0%         1d1       98%         3
 Hailstorm                Conj/Ice       0%         3d3       98%         3


Dungeon Overview and Level Annotations

Branches:
Dungeon (5/15)             Temple (1/1) D:4

Altars:
Fedhas
Kikubaaqudgha
Makhleb
Wu Jian
Xom
Yredelemnul
Zin


Innate Abilities, Weirdness & Mutations

You are immune to sickness and miasma.
Your stone body is resilient. (AC +4)
You are immune to poison.
You resist negative energy. (rN+)
You are resistant to electric shocks. (rElec)
You are resistant to unholy torment.
You are immune to petrification.


Message History

There is a burning altar of Makhleb here.
There is a stone staircase leading down here.
You climb downwards.
There is a stone staircase leading up here.
A jelly and an ogre come into view.
The jelly quivers.
The ogre shouts!
There are monsters nearby!
The ogre hits you with a +0 giant club!
You hit the ogre.
The ogre is lightly wounded.
You hit the ogre. You drain the ogre.
The ogre is heavily wounded.
The ogre hits you with a +0 giant club!
You are too injured to fight recklessly!
You are too injured to fight recklessly!
Unknown command.
You hit the ogre. You drain the ogre.
The ogre is severely wounded.
Unknown command.
You hit the ogre.
The ogre is almost dead.
The ogre closely misses you.
Unknown command.
You hit the ogre.
The ogre is almost dead.
Unknown command.
You hit the ogre.
You kill the ogre!
Your Armour skill increases to level 5!
Unknown command.
You hit the jelly.
Your hands burn!
The jelly is moderately wounded.
The jelly hits you.
* * * LOW HITPOINT WARNING * * *
The acid corrodes you!
You are splashed with acid!
* * * LOW HITPOINT WARNING * * *
Unknown command.
You hit the jelly but do no damage. The acid corrodes you!
Your hands burn!
You die...

.J.... ......# ....#
~~~# . #~## ... +..##
...~###~..###########
...~~~~J...........<#
.......@#############
......).# ........#
........# ........#
#.####### .


You could see a jelly.

Vanquished Creatures
  An ogre (D:5)
  A phantom (D:4)
  An iguana (D:4)
  Terence (D:2)
  3 gnolls (D:3)
  6 adders
  A worm (D:2)
  2 dart slugs (D:1)
  3 orcs
  3 endoplasms
  2 giant cockroaches
  3 goblins
  2 hobgoblins
  A quokka (D:4)
  6 ball pythons
  4 bats
  4 frilled lizards
  6 kobolds
  2 rats (D:3)
52 creatures vanquished.

Notes
Turn   | Place    | Note
-------+----------+-------------------------------------------
     0 | D:1      | Newt the Gargoyle Fighter began the quest for the Orb.
     0 | D:1      | Reached XP level 1. HP: 14/14 MP: 1/1
   181 | D:1      | Reached XP level 2. HP: 16/20 MP: 2/2
   650 | D:2      | Noticed Terence
   659 | D:2      | Killed Terence
   660 | D:2      | Reached XP level 3. HP: 20/25 MP: 3/3
   756 | D:2      | Reached skill level 5 in Fighting
   882 | D:2      | Reached skill level 1 in Short Blades
   882 | D:2      | Reached XP level 4. HP: 31/31 MP: 4/4
  1399 | D:3      | Found a blossoming altar of Fedhas.
  1576 | D:3      | Reached XP level 5. HP: 34/35 MP: 5/5
  2144 | D:4      | Found a burning altar of Makhleb.
  2146 | D:4      | Found a glowing silver altar of Zin.
  2146 | D:4      | Noticed an angel
  2147 | D:4      | Noticed a balrug
  2160 | D:4      | Noticed a phantom
  2188 | D:4      | Killed a phantom
  2278 | D:4      | Reached XP level 6. HP: 32/40 MP: 6/6
  2313 | D:4      | Found a basalt altar of Yredelemnul.
  2396 | D:4      | Found a shimmering altar of Xom.
  2468 | D:4      | Found a staircase to the Ecumenical Temple.
  2496 | Temple   | Entered the Ecumenical Temple
  2515 | D:4      | Found an ancient bone altar of Kikubaaqudgha.
  2660 | D:5      | Entered Level 5 of the Dungeon
  2680 | D:5      | Reached skill level 5 in Armour
  2680 | D:5      | HP: 1/40 [acid (9)]
  2681 | D:5      | Splashed by a jelly's acid

Illustrated notes

Levels and vault maps discovered:
D:1:      wander_arrival_abandoned_jail, layout_loops_ring
D:2:      layout_loops_ring, serial_bayou_pond_c, uniq_terence
D:3:      layout_basic, fedhas_altar_2, kennysheep_generic_room_5
D:4:      layout_rooms, grunt_temple_overflow_order_and_chaos_2,
          mainiacjoe_overflow_chevrons, nicolae_overflow_hidden_temple,
          nicolae_overflow_crystal_walls, temple_statues
D:5:      layout_basic, kennysheep_mini_moat, nicolae_hepliaklqana_hazy_memory,
          mainiacjoe_overflow_catwalk_spiral
Temple:   ebering_the_one_and_only

Skill      XL: |  1  2  3  4  5  6 |
---------------+-------------------+-----
Fighting       | 4 5 |  5.0
Short Blades   | 1 2 3 |  3.0
Armour         | 4 5 |  5.6
Maces & Flails | |  2.0
Shields        | |  3.2

Action                     |  1- 3 |  4- 6 || total
---------------------------+-------+-------++-------
  Melee: Flail             |    55 |       ||    55
         Short sword       |    46 |   129 ||   175
    Use: Scroll            |     3 |     8 ||    11
         Potion            |       |     1 ||     1
 Armour: Scale mail        |    54 |    46 ||   100
  Dodge: Dodged            |    43 |    42 ||    85
  Block: Buckler           |    16 |    18 ||    34

Table legend: (Time is in decaauts)
 A = Elapsed time spent in this place.
 B = Non-inter-level travel time spent in this place.
 C = Inter-level travel time spent in this place.
 D = Time resting spent in this place.
 E = Time spent auto-exploring this place.
 F = Levels seen in this place.
 G = Mean time per level.
                   A        B        C        D        E       F      G
               +--------+--------+--------+--------+--------+-----+--------+
         Total |   2697 |   2578 |    119 |    131 |   1980 |   6 |  449.5 |
       Dungeon |   2695 |   2576 |    119 |    131 |   1980 |   5 |  539.0 |
        Temple |      1 |      1 |      0 |      0 |      0 |   1 |    1.0 |
               +--------+--------+--------+--------+--------+-----+--------+

Top non-repeatable levels by time:
     D:2: 758 daAuts
     D:3: 708 daAuts
     D:1: 609 daAuts
     D:4: 600 daAuts
     D:5: 19 daAuts
  Temple: 1 daAuts
